 Dungeon Crawl Stone Soup version 0.30-a0-715-gdb4ae3ece1 (webtiles) character file.

Game seed: 9978844394769657047

19 M4edhros the Insei (level 2, -4/27 HPs)
             Began as an Octopode Transmuter on Jan 24, 2023.
             Slain by an ogre
             ... wielding a +0 giant club
              (18 damage)
             ... on level 4 of the Dungeon.
             The game lasted 00:01:31 (338 turns).

M4edhros the Insei (Octopode Transmuter)             Turns: 338, Time: 00:01:32

Health: -4/27      AC: 21    Str:  9    XL:     2   Next: 75%
Magic:  5/5        EV:  2    Int: 15    God:
Gold:   99         SH:  0    Dex: 12    Spells: 4/5 levels left

rFire   . . .      SeeInvis .    f - +0 triple sword
rCold   . . .      Faith    .    (shield currently unavailable)
rNeg    . . .      Spirit   .    (helmet currently unavailable)
rPois   +          Reflect  .    (no amulet)
rElec   .          Harm     .    (no ring)
rCorr   .          Rampage  .    (no ring)
Will    .....      NoTele   +    (no ring)
Stlth   +                        (no ring)
HPRegen 0.24/turn                (no ring)
MPRegen 0.09/turn                (no ring)
                                 (no ring)
                                 (no ring)

@: tree-form, unable to read
A: stationary, stasis, torment immunity, boosted hp, almost no armour,
(amphibious), 8 rings, (camouflage 1), (gelatinous body 1), (nimble swimmer 1),
(tentacles), (tentacle spike 1), inability to read after injury 1
a: no special abilities


You were on level 4 of the Dungeon.
You were a tree.
You visited 1 branch of the dungeon, and saw 4 of its levels.

You collected 99 gold pieces.

Inventory:

Hand Weapons
 f - a +0 triple sword (weapon)
Scrolls
 b - a scroll of poison {unknown}
 g - a scroll of magic mapping {unknown}
 h - a scroll of noise {unknown}
Potions
 e - a potion of haste {unknown}


   Skills:
 - Level 1.0 Fighting
 * Level 1.3 Long Blades
 - Level 2.0 Dodging
 - Level 3.5 Unarmed Combat
 - Level 2.0 Spellcasting
 - Level 2.0 Transmutations


You had 4 spell levels left.
You knew the following spells:

 Your Spells              Type           Power      Damage    Failure   Level
a - Beastly Appendage     Tmut           14%        N/A       10%         1

Your spell library contained the following spells:

 Spells                   Type           Power      Damage    Failure   Level
 Wereblood                Tmut           7%         N/A       14%         2
 Spider Form              Tmut/Pois      4%         N/A       41%         3
 Ice Form                 Ice/Tmut       4%         N/A       82%         4
 Airstrike                Air            0%         2d(1-17)  91%         4
 Summon Lightning Spire   Summ/Air       1%         N/A       91%         4
 Lightning Bolt           Conj/Air       0%         1d11      99%         5


Dungeon Overview and Level Annotations

Branches:
Dungeon (4/15)
 Temple: D:4-7

Altars:


Innate Abilities, Weirdness & Mutations

You are a tree.
Your roots penetrate the ground, keeping you stationary.
You cannot be teleported.
You are immune to unholy pain and torment.
Your maximum health is greatly increased.
You cannot wear most types of armour.
((You are amphibious.))
You can wear up to eight rings at the same time.
((Your skin changes colour to match your surroundings (Stealth+).))
((Your rubbery body absorbs attacks. (AC +1, EV +1)))
((You are camouflaged when in or above water. (Stealth+)))
((You have tentacles for arms and can constrict up to eight enemies at once.))
((One of your tentacles bears a spike.))
You occasionally lose the ability to read scrolls when taking damage.


Message History

a +0 quarterstaff; 5 stones
Found an escape hatch in the ceiling.
An endoplasm comes into view.
The helpless endoplasm fails to defend itself.
You slash the endoplasm!
You kill the endoplasm!
No target in view!
A goblin comes into view. It is wielding a +0 club.
A goblin is nearby!
A goblin is nearby!
The helpless goblin fails to defend itself.
You slash the goblin!
You kill the goblin!
An ogre comes into view. It is wielding a +0 giant club.
You see here a +0 club.
You aren't carrying any items that you can evoke.
Really quaff the potion of lignification?
Okay, then.
It was a potion of mutation.
You feel extremely strange.
You occasionally lose the ability to read scrolls when taking damage.
One of your lower tentacles grows a sharp spike.
It was a potion of heal wounds.
You feel much better.
Really quaff the potion of lignification?
You turn into a tree.
Your roots penetrate the ground.
The ogre barely misses you.
You slash the ogre!
The ogre is heavily wounded.
The ogre hits you but does no damage.
You barely miss the ogre.
The ogre is heavily wounded.
The ogre hits you with a +0 giant club!
You hit the ogre.
The ogre is severely wounded.
The ogre hits you with a +0 giant club!
You barely miss the ogre.
The ogre is severely wounded.
The ogre hits you with a +0 giant club!!
You feel threatened and lose the ability to read scrolls!
Ouch! That really hurt!
You die...

### ... ...
##...##.#####
#........)♣O#
#.....###.##..#
#.#... #.# #... #.#
#.###.##..#### #.#
#.......#
#######.#####.##.##
.....##.##....# .#
.....##.##.#### .#
.....##.##.# .#


You could see an ogre.

Vanquished Creatures
  A dart slug (D:3)
  An orc (D:3)
  3 endoplasms
  A giant cockroach (D:2)
  A goblin (D:4)
  A hobgoblin (D:3)
  2 quokkas
  A bat (D:1)
  A frilled lizard (D:3)
  2 kobolds (D:4)
14 creatures vanquished.

Notes
Turn   | Place    | Note
-------+----------+-------------------------------------------
     0 | D:1      | M4edhros the Octopode Transmuter began the quest for the
                  | Orb.
     0 | D:1      | Reached XP level 1. HP: 13/13 MP: 3/3
   167 | D:3      | Reached XP level 2. HP: 18/18 MP: 5/5
   249 | D:4      | Reached skill level 1 in Long Blades
   330 | D:4      | Noticed an ogre
   332 | D:4      | Gained mutation: You occasionally lose the ability to read
                  | scrolls when taking damage. [potion of mutation]
   332 | D:4      | Gained mutation: One of your tentacles bears a spike.
                  | [potion of mutation]
   338 | D:4      | Slain by an ogre

Illustrated notes

Levels and vault maps discovered:
D:1:      lemuel_arrival_room, layout_loops_corners
D:2:      kennysheep_six_static_rooms, layout_basic,
          nicolae_figureground_sparkle
D:3:      layout_loops_ring, amcnicky_altar_gilded
D:4:      layout_loops_ring, nrook_loot_triangle

Skill      XL: |  1  2 |
---------------+-------+-----
Long Blades    | 1 |  1.3
Fighting       | |  1.0
Dodging        | |  2.0
Unarmed Combat | |  3.5
Spellcasting   | |  2.0
Transmutations | |  2.0

Action                     || total
---------------------------++-------
  Melee: Unarmed           ||    19
         Constrict         ||     7
         Tentacles         ||     2
         Triple sword      ||    18
    Use: Potion            ||     3
   Stab: Sleeping          ||     4
 Armour: Skin              ||     6
  Dodge: Dodged            ||    21

Table legend: (Time is in decaauts)
 A = Elapsed time spent in this place.
 B = Non-inter-level travel time spent in this place.
 C = Inter-level travel time spent in this place.
 D = Time resting spent in this place.
 E = Time spent auto-exploring this place.
 F = Levels seen in this place.
 G = Mean time per level.
                   A        B        C        D        E       F      G
               +--------+--------+--------+--------+--------+-----+--------+
         Total |    349 |    330 |     19 |      0 |    184 |   4 |   87.2 |
       Dungeon |    349 |    330 |     19 |      0 |    184 |   4 |   87.2 |
               +--------+--------+--------+--------+--------+-----+--------+

Top non-repeatable levels by time:
     D:4: 106 daAuts
     D:3: 91 daAuts
     D:2: 80 daAuts
     D:1: 70 daAuts
